 Dungeon Crawl Stone Soup version 0.18.1-8-gdd0e5ea (webtiles) character file.

0 Implojin the Insei (level 1, 0/18 HPs)
             Began as a Mummy Monk on May 22, 2016.
             Slain by a jackal (3 damage)
             ... on level 1 of the Dungeon.
             The game lasted 00:00:27 (64 turns).

Implojin the Insei (Mummy Monk)                       Turns: 64, Time: 00:00:27

Health: 0/18       AC:  0    Str: 14    XL:     1   Next: 8%
Magic:  1/1        EV: 13    Int:  9    God:
Gold:   0          SH:  0    Dex: 14    Spells: 0 memorised, 0 levels left

rFire  x . .     SeeInvis .       - Unarmed
rCold  + . .     Gourm    .     (no armour)
rNeg   + + +     Faith    .     (no shield)
rPois  ∞         Spirit   .     (no helmet)
rElec  .         Dismiss  .     (no cloak)
rCorr  .         Reflect  .     (no gloves)
SustAt .         Harm     .     (no boots)
MR     .....                    (no amulet)
Stlth  ++........               (no ring)
                                (no ring)

@: not resistant to hostile enchantments, unstealthy
A: no food or potions, fire vulnerability, cold resistance 1, negative energy
resistance 3, torment resistance, unbreathing
a: no special abilities


You were on level 1 of the Dungeon.
You were not hungry.

You visited 1 branch of the dungeon, and saw 1 of its levels.

Inventory:

Scrolls
 a - a scroll of remove curse {unknown}


   Skills:
 - Level 3.0 Fighting
 - Level 2.4 Dodging
 - Level 1.5 Stealth
 * Level 3.3 Unarmed Combat


You couldn't memorise any spells.
You didn't know any spells.

Dungeon Overview and Level Annotations

Branches:
Dungeon (1/15)

Altars:


Innate Abilities, Weirdness & Mutations

You do not eat or drink.
Your flesh is vulnerable to fire.
You are immune to poison.
Your flesh is cold resistant.
You are immune to negative energy.
You are immune to unholy pain and torment.
You can survive without breathing.


Message History

There is an open door here.
Found a stone staircase leading down.
A goblin and a hobgoblin come into view.
The goblin shouts!
There are monsters nearby!
A rat comes into view.
The hobgoblin shouts!
A kobold comes into view. It is wielding a whip.
The kobold shouts!
A kobold comes into view. It is wielding a dagger of venom.
A giant gecko and a hobgoblin come into view.
The kobold shouts!
You hit the goblin but do no damage. The goblin misses you.
You closely miss the goblin. The goblin hits you with a club.
You miss the goblin. The goblin hits you with a club.
* * * LOW HITPOINT WARNING * * *
A dart slug comes into view.
You hit the goblin.
You kill the goblin!
A jackal comes into view.
You hit the hobgoblin.
The hobgoblin is severely wounded.
The jackal moves out of view.
The hobgoblin hits you with a club.
* * * LOW HITPOINT WARNING * * *
The hobgoblin shouts!
The hobgoblin barely misses you. The hobgoblin hits you with a club.
* * * LOW HITPOINT WARNING * * *
A bat comes into view.
A kobold opens the door.
The hobgoblin closely misses you. The hobgoblin closely misses you.
A jackal comes into view.
The jackal barely misses you.
You closely miss the jackal. The jackal bites you.
* * * LOW HITPOINT WARNING * * *
The jackal closely misses you. The jackal bites you.
* * * LOW HITPOINT WARNING * * *
The jackal bites you.
You die...

... ... .. #.#.. ...
..##.# ##.#.. ... ......
..#.#####.# #.b..
##...#...#.# #...
.>..#...#.+ #..
#..#...#.# #.#
#..##'##.#####.#
#######.@)..........l#
.......hh#####.##'##K#
........g#...#.# #.#
.........#.<.'.# #g#
........g#...#.# #.#
.......K.#####.#####.#
........l...gK.l.....#
............h........#
####.#####.#########....#


You could see a giant gecko, 2 jackals, 2 hobgoblins and a kobold.

Vanquished Creatures
  A goblin (D:1)
1 creature vanquished.

Notes
Turn   | Place    | Note
--------------------------------------------------------------
     0 | D:1      | Implojin the Mummy Monk began the quest for the Orb.
     0 | D:1      | Reached XP level 1. HP: 18/18 MP: 1/1
    64 | D:1      | Slain by a jackal

Action                   || total
-------------------------++-------
Melee: Unarmed           ||     6
Dodge: Dodged            ||     6

Table legend:
 A = Turns spent in this place as a percentage of turns spent in the entire game.
 B = Non-inter-level travel turns spent in this place as a percentage of non-inter-level travel turns spent in the entire game.
 C = Inter-level travel turns spent in this place as a percentage of turns spent in this place.
 D = Turns resting spent in this place as a percentage of non-inter-level travel turns spent in this place.
 E = Turns spent auto-exploring this place as a percentage of non-inter-level travel turns spent in this place.
 F = Non-inter-level travel turns spent in this place divided by the number of levels of this place that you've seen.
                   A       B       C       D       E      F
               +-------+-------+-------+-------+-------+----------------------
         Total | 100.0 | 100.0 |   0.0 |   0.0 |   3.3 |  61.0
       Dungeon | 100.0 | 100.0 |   0.0 |   0.0 |   3.3 |  61.0
               +-------+-------+-------+-------+-------+----------------------

Table legend:
 A = Kills in this place as a percentage of kills in entire the game.
 B = Kills by you in this place as a percentage of kills by you in the entire game.
 C = Kills by friends in this place as a percentage of kills by friends in the entire game.
 D = Other kills in this place as a percentage of other kills in the entire game.
 E = Experience gained in this place as a percentage of experience gained in the entire game.
 F = Experience gained in this place divided by the number of levels of this place that you have seen.
                   A       B       C       D       E      F
               +-------+-------+-------+-------+-------+----------------------
         Total | 100.0 | 100.0 |  -nan |  -nan | 100.0 |   1.0
       Dungeon | 100.0 | 100.0 |  -nan |  -nan | 100.0 |   1.0
               +-------+-------+-------+-------+-------+----------------------
